 Dungeon Crawl Stone Soup version 0.29-a0-283-ga02f740833 (webtiles) character file.

Game seed: 1860032051993102549

81 Ajdolov the Poker (level 4, -1/37 HPs)
             Began as a Merfolk Monk on Mar 13, 2022.
             Slain by an ogre
             ... wielding a +0 giant spiked club
              (18 damage)
             ... on level 3 of the Dungeon.
             The game lasted 00:03:45 (2711 turns).

Ajdolov the Poker (Merfolk Monk)                    Turns: 2711, Time: 00:03:45

Health: -1/37      AC:  7    Str: 13    XL:     4   Next: 42%
Magic:  4/4        EV: 12    Int:  9    God:
Gold:   220        SH:  0    Dex: 16    Spells: 3/3 levels left

rFire   + . .      SeeInvis .   a - +0 spear
rCold   . . .      Faith    .   (no shield)
rNeg    . . .      Spirit   .   s - +0 ring mail
rPois   .          Reflect  .   (no helmet)
rElec   .          Harm     .   w - +1 cloak
rCorr   .          Rampage  .   (no gloves)
Will    .....                   (no boots)
Stlth   +.........              (no amulet)
HPRegen 0.12/turn               l - ring of protection from fire
MPRegen 0.09/turn               m - ring of flight

@: flying
A: (nimble swimmer 2), mertail
a: no special abilities


You were on level 3 of the Dungeon.
You visited 1 branch of the dungeon, and saw 3 of its levels.

You collected 220 gold pieces.

Inventory:

Hand Weapons
 a - a +0 spear (weapon)
Armour
 s - a +0 ring mail (worn)
 w - a +1 cloak (worn)
Jewellery
 h - a ring of magical power
 l - a ring of protection from fire (left hand)
 m - a ring of flight (right hand)
 n - a ring of resist corrosion
 r - a ring of magical power
 v - a ring of see invisible
Scrolls
 d - 3 scrolls of fear
 e - 2 scrolls of torment {unknown}
 f - 2 scrolls of identify
 i - a scroll of acquirement {unknown}
 j - 2 scrolls of enchant armour {unknown}
 o - 2 scrolls of teleportation {unknown}
 q - a scroll of summoning {unknown}
 t - 2 scrolls of vulnerability {unknown}
Potions
 b - a potion of magic {unknown}
 c - a potion of ambrosia
 g - 2 potions of lignification {unknown}
 k - 2 potions of heal wounds {unknown}
 p - a potion of attraction {unknown}
 u - a potion of might {unknown}


   Skills:
 + Level 4.1 Fighting
 * Level 6.0 Polearms
 - Level 4.0 Dodging
 - Level 2.1 Stealth


You had 3 spell levels left.
You didn't know any spells.
Your spell library contained the following spells:

 Spells                   Type           Power      Damage    Failure   Level
 Blink                    Tloc           0%         N/A       80%         2
 Ensorcelled Hibernation  Hex/Ice        0%         N/A       80%         2
 Passwall                 Tmut/Erth      0%         N/A       80%         2
 Conjure Flame            Conj/Fire      0%         6-21      95%         3
 Ignite Poison            Fire/Tmut/Pois 0%         N/A       95%         3
 Swiftness                Air            0%         N/A       95%         3
 Sticky Flame             Conj/Fire      0%         2d3       100%        4
 Manifold Assault         Tloc           0%         N/A       100%        5
 Storm Form               Tmut/Air       0%         N/A       100%        7


Dungeon Overview and Level Annotations

Branches:
Dungeon (3/15)

Altars:


Innate Abilities, Weirdness & Mutations

((You are very nimble when in or above water. (Stealth+, EV+, Speed+++)))
Your lower body shifts to a powerful aquatic tail in water.


Message History

You see here a +1 cloak.
w - a +1 cloak You start putting on your armour.
You continue putting on your +1 cloak. x4
You finish putting on your +1 cloak.
HP restored.
Items here: ))))) ÷÷.
Things that are here:
a +0 club; a +0 hunting sling; a goblin skeleton
There is an open door here.
Items here: ))))) ÷÷.
You reach down and open the door.
There is an open door here.
You aren't carrying any items that you can evoke.
Unknown command.
Okay, then.
The ogre shouts!
Reach: a) +0 spear
Press: ? - help, Dir - move target, f - ogre
Aim: an ogre, wielding a +0 giant spiked club (about 21% to evade your +0 spear)
You reach to attack!
You hit the ogre.
The ogre is lightly wounded.
You hit the ogre.
The ogre is moderately wounded.
The ogre hits you with a +0 giant spiked club.
You hit the ogre but do no damage.
The ogre is moderately wounded.
You completely miss the ogre.
The ogre is moderately wounded.
The ogre hits you with a +0 giant spiked club!
You closely miss the ogre.
The ogre is moderately wounded.
You hit the ogre.
The ogre is heavily wounded.
The ogre barely misses you.
You hit the ogre.
The ogre is heavily wounded.
You closely miss the ogre.
The ogre is heavily wounded.
The ogre hits you with a +0 giant spiked club!!
You die...

######## #......# ######
##.)....# ........ +.......#
..........##......#########
..............)..........># #
......#######.######.##.#####
............#'##...(.#.......
#......@O....)..#..#####
#...............#..# #
######..........(..# #
#.....#.......#####
####..####.....##...
#.......##.....##.##
#.......######+##.#
#.......####....#.#
######..#.......#.#


You could see an ogre.

Vanquished Creatures
  An adder (D:2)
  2 dart slugs (D:1)
  5 bats
  6 endoplasms
  4 giant cockroaches
  16 goblins
  3 hobgoblins
  3 jackals (D:1)
  5 kobolds
  A quokka (D:2)
  5 ball pythons
  3 frilled lizards
  3 rats
57 creatures vanquished.

Notes
Turn   | Place    | Note
-------+----------+-------------------------------------------
     0 | D:1      | Ajdolov the Merfolk Monk began the quest for the Orb.
     0 | D:1      | Reached XP level 1. HP: 18/18 MP: 1/1
   279 | D:1      | Reached XP level 2. HP: 20/24 MP: 2/2
   670 | D:1      | Reached skill level 5 in Polearms
   739 | D:1      | Reached XP level 3. HP: 20/30 MP: 3/3
  1016 | D:1      | Found a faded altar of an unknown god.
  1328 | D:2      | Identified the +8 whip "Ogrebane" {protect, *Noise rF+++
                  | Stlth+}
  2027 | D:2      | Reached XP level 4. HP: 36/37 MP: 4/4
  2289 | D:3      | Noticed an ogre
  2305 | D:3      | Reached skill level 6 in Polearms
  2711 | D:3      | Slain by an ogre

Illustrated notes

Levels and vault maps discovered:
D:1:      saegor_arrival_miasma, layout_loops_corners,
          dreamdust_ecumenical_altar_angels_and_demons
D:2:      minmay_spotlight, layout_basic, minmay_joined_circles
D:3:      minmay_chambers_of_twos, layout_basic, minmay_ogre_servants,
          uniq_jessica

Skill      XL: |  1  2  3  4 |
---------------+-------------+-----
Polearms       | 5 6 |  6.0
Fighting       | 4 |  4.1
Dodging        | |  4.0
Stealth        | |  2.1

Action                   |  1- 3 |  4- 6 || total
-------------------------+-------+-------++-------
Melee: Spear             |   143 |    61 ||   204
       Punch             |     1 |       ||     1
  Use: Scroll            |       |     2 ||     2
 Stab: Sleeping          |    11 |     1 ||    12
Armor: Robe              |    11 |       ||    11
       Ring mail         |       |    12 ||    12
Dodge: Dodged            |    56 |    16 ||    72

Table legend: (Time is in decaauts)
 A = Elapsed time spent in this place.
 B = Non-inter-level travel time spent in this place.
 C = Inter-level travel time spent in this place.
 D = Time resting spent in this place.
 E = Time spent auto-exploring this place.
 F = Levels seen in this place.
 G = Mean time per level.
                   A        B        C        D        E       F      G
               +--------+--------+--------+--------+--------+-----+--------+
         Total |   2676 |   2612 |     64 |    247 |   1942 |   3 |  892.0 |
       Dungeon |   2676 |   2612 |     64 |    247 |   1942 |   3 |  892.0 |
               +--------+--------+--------+--------+--------+-----+--------+

Top non-repeatable levels by time:
     D:1: 1306 daAuts
     D:2: 1066 daAuts
     D:3: 303 daAuts
